 Dungeon Crawl Stone Soup version 0.25-a0-571-gb5e01bddfa (webtiles) character file.

Game seed: 17655075088746072144, levelgen mode: deterministic

59 Muyou the Stinger (level 3, -5/17 HPs)
             Began as a Spriggan Venom Mage on Feb 29, 2020.
             Killed by nerve-wracking pain
             ... invoked by Jessica
              (13 damage)
             ... on level 3 of the Dungeon.
             The game lasted 00:09:28 (2013 turns).

Muyou the Stinger (Spriggan Venom Mage)             Turns: 2013, Time: 00:09:29

Health: -5/17      AC:  2    Str:  4    XL:     3   Next: 78%
Magic:  4/8        EV: 19    Int: 17    God:
Gold:   143        SH:  0    Dex: 16    Spells: 7/8 levels left

rFire    . . .     SeeInvis +   b - +0 dagger
rCold    . . .     Gourm    .   (shield restricted)
rNeg     . . .     Faith    .   a - +0 robe
rPois    .         Spirit   .   (helmet restricted)
rElec    .         Reflect  .   (no cloak)
rCorr    .         Harm     .   (gloves unavailable)
MR       .....                  (boots unavailable)
Stlth    ++........             (no amulet)
HPRegen  0.05/turn              (no ring)
MPRegen  0.11/turn              (no ring)

@: very quick
A: very small, unfitting armour, see invisible, herbivore, speed 3, slow
metabolism 2
a: no special abilities


You were on level 3 of the Dungeon.
You were not hungry.

You visited 1 branch of the dungeon, and saw 3 of its levels.

You collected 143 gold pieces.

Inventory:

Hand Weapons
 b - a +0 dagger (weapon)
Armour
 a - a +0 robe (worn)
Scrolls
 e - 2 scrolls of identify {unknown}
 f - a scroll of random uselessness {unknown}
 i - a scroll of amnesia {unknown}
 j - a scroll of noise {unknown}
 k - 2 scrolls of fear {unknown}
Potions
 d - a potion of lignification {unknown}
 g - a potion of heal wounds {unknown}
 h - 4 potions of curing {unknown}
Comestibles
 c - 3 rations


   Skills:
 + Level 0.6 Fighting
 + Level 3.5 Dodging
 - Level 3.0 Stealth
 + Level 3.2 Spellcasting
 + Level 2.4 Transmutations
 * Level 3.7 Poison Magic


You had 7 spell levels left.
You knew the following spells:

 Your Spells              Type           Power        Failure   Level  Hunger
a - Sting                 Tmut/Pois      ##..         4%          1    None

Your spell library contained the following spells:

 Spells                   Type           Power        Failure   Level  Hunger
 Poisonous Vapours        Pois/Air       #.....       12%         2    ##.....
 Ignite Poison            Fire/Tmut/Pois #.......     22%         3    ###....
 Mephitic Cloud           Conj/Pois/Air  #.......     30%         3    ###....
 Olgreb's Toxic Radiance  Pois           ###.....     36%         4    ####...


Dungeon Overview and Level Annotations

Branches:
Dungeon (3/15)

Altars:
Uskayaw
Xom

Annotations:
D:3 Jessica


Innate Abilities, Weirdness & Mutations

You are very small and have problems with some larger weapons.
You are too small for most types of armour.
You have supernaturally acute eyesight. (SInv)
You are a herbivore.
You cover ground extremely quickly.
You need to consume almost no food.


Message History

You close the door.
Jessica opens the door.
You close the door.
Jessica opens the door.
You close the door.
Jessica opens the door.
You close the door.
Jessica opens the door.
You close the door.
Jessica opens the door.
You close the door.
Jessica opens the door.
You close the door.
Jessica opens the door.
Your magical contamination has completely faded away.
As you close the door, it creaks loudly!
You hear an angry hiss.
Jessica opens the door.
You close the door.
Jessica opens the door.
You close the door.
Jessica opens the door.
An adder comes into view.
You close the door.
Jessica opens the door.
You close the door.
Jessica opens the door.
Jessica points at you and mumbles some strange words.
Pain shoots through your body!
Ouch! That really hurt!
You die...

#.#.. ..# ###.#.# #.# ########
#.....###.# #......#
#.#.....#.#####'####.#
######.#.....#.##.......#.#
#....#.#)....#.>...........
#####.#.##.#.....#......†......
#<....#.##.#.....'@##.......###
######...(..(.@..#######'####
####.####+#.# #.# #.# #.# #.#
#.# #S# #.# #)# #.# #.# #.# #.#
#.# #.. ... ..# #.. ##. ### #..
.


You could see Jessica.

Vanquished Creatures
  2 dart slugs (D:1)
  3 leopard geckos
  2 giant cockroaches
  8 goblins
  4 hobgoblins
  6 jackals
  A ball python (D:2)
  8 bats
  2 frilled lizards (D:1)
  9 kobolds
  4 rats (D:1)
49 creatures vanquished.

Notes
Turn   | Place    | Note
-------+----------+-------------------------------------------
     0 | D:1      | Muyou the Spriggan Venom Mage began the quest for the Orb.
     0 | D:1      | Reached XP level 1. HP: 9/9 MP: 5/5
   215 | D:1      | Reached XP level 2. HP: 11/13 MP: 3/6
   924 | D:1      | Reached XP level 3. HP: 16/16 MP: 6/8
  1592 | D:2      | Found a hide-covered altar of Uskayaw.
  1793 | D:2      | Found a shimmering altar of Xom.
  1945 | D:3      | Noticed Jessica
  2013 | D:3      | Killed from afar by Jessica

Levels and vault maps discovered:
D:1:      minmay_arrival_diagonal_passages, layout_basic, serial_forest,
          infiniplex_forest_zigzag_1, infiniplex_forest_straight_1,
          infiniplex_forest_lined_corner, infiniplex_forest_corner_1,
          infiniplex_forest_join, chequers_serial_rivers_room_a
D:2:      layout_rooms, eat_drink_and_be_merry_uskayaw, columned_hall_lemuel,
          xom_teletrap_fun
D:3:      layout_basic, uniq_natasha, uniq_jessica, uniq_robin

Skill      XL: |  1  2 |
---------------+-------+-----
Spellcasting   | 3 |  3.2
Transmutations | 2 |  2.4
Fighting       | |  0.6
Dodging        | |  3.5
Stealth        | |  3.0
Poison Magic   | |  3.7

Action                   || total
-------------------------++-------
Melee: Unarmed           ||     9
       Dagger            ||    33
 Cast: Sting             ||    77
 Stab: Sleeping          ||     5
Armor: Robe              ||    11
Dodge: Dodged            ||    68

Table legend:
 A = Non-vault XP
 B = Vault XP
 C = Vault XP percentage of total XP
 D = Non-vault monster count
 E = Vault monster count
 F = Vault count percentage of total count
                 A         B        C        D         E       F
            +---------+---------+-------+---------+---------+-------
      Total |      85 |       0 |   0.0 |      49 |       0 |   0.0
            +---------+---------+-------+---------+---------+-------
        D:1 |      49 |       0 |   0.0 |      30 |       0 |   0.0
        D:2 |      31 |       0 |   0.0 |      16 |       0 |   0.0
        D:3 |       5 |       0 |   0.0 |       3 |       0 |   0.0
            +---------+---------+-------+---------+---------+-------
